 Dungeon Crawl Stone Soup version 0.28.0-45-g0d030f2227 (webtiles) character file.

Game seed: 4188582625333446026

2923 selver the Basher (level 9, -1/82 HPs)
             Began as a Minotaur Fighter on Apr 14, 2022.
             Was a Follower of Okawaru.
             Slain by Harold
             ... wielding a +2 vampiric battleaxe
              (17 damage)
             ... on level 8 of the Dungeon.
             The game lasted 00:24:47 (9375 turns).

selver the Basher (Minotaur Fighter)                Turns: 9375, Time: 00:24:48

Health: -1/82      AC:  6    Str: 22    XL:     9   Next: 50%
Magic:  8/8        EV:  9    Int:  7    God:    Okawaru [*.....]
Gold:   282        SH:  5    Dex: 11    Spells: 8/8 levels left

rFire   . . .      SeeInvis .   i - +1 whip (venom)
rCold   . . .      Faith    .   c - +0 buckler
rNeg    . . .      Spirit   .   b - +0 scale mail
rPois   .          Reflect  .   (helmet restricted)
rElec   .          Harm     .   (no cloak)
rCorr   .          Rampage  .   (no gloves)
Will    .....                   (no boots)
Stlth   ..........              (no amulet)
HPRegen 0.23/turn               (no ring)
MPRegen 0.11/turn               (no ring)

@: mighty, marked
A: horns 2, retaliatory headbutt
a: Renounce Religion, Heroism


You were on level 8 of the Dungeon.
You worshipped Okawaru.
Okawaru was aware of your devotion.
You visited 2 branches of the dungeon, and saw 9 of its levels.
You also visited: Ossuary.

You collected 464 gold pieces.
You spent 182 gold pieces at shops.

Inventory:

Hand Weapons
 a - a +0 flail
 d - a +1 vampiric whip
 i - a +1 whip of venom (weapon)
Armour
 b - a +0 scale mail (worn)
 c - a +0 buckler (worn)
Jewellery
 n - an amulet of faith
Wands
 r - a wand of paralysis (3)
 u - a wand of iceblast (9)
Scrolls
 e - 4 scrolls of magic mapping {unknown}
 f - 3 scrolls of identify
 h - a scroll of enchant armour {unknown}
 o - a scroll of enchant weapon {unknown}
 p - a scroll of torment {unknown}
 v - a scroll of amnesia {unknown}
 y - 4 scrolls of teleportation {unknown}
 z - 2 scrolls of vulnerability {unknown}
 A - a scroll of blinking {unknown}
Potions
 g - a potion of attraction
 j - 2 potions of lignification
 k - 3 potions of ambrosia
 l - 2 potions of magic
 m - 2 potions of invisibility
 q - 2 potions of berserk rage
 s - 2 potions of curing
 t - 4 potions of haste
 w - a potion of brilliance
 C - a potion of resistance
 D - a potion of flight {unknown}


   Skills:
 + Level 8.8 Fighting
 * Level 13.0 Maces & Flails
 - Level 3.6 Armour
 - Level 5.6 Shields


You had 8 spell levels left.
You didn't know any spells.
Your spell library contained the following spells:

 Spells                   Type           Power      Damage    Failure   Level
 Ignite Poison            Fire/Tmut/Pois 0%         N/A       99%         3
 Mephitic Cloud           Conj/Pois/Air  0%         N/A       99%         3
 Freezing Cloud           Conj/Ice/Air   0%         6-21      100%        5


Dungeon Overview and Level Annotations

Branches:
Dungeon (8/15)             Temple (1/1) D:6         Ossuary (visited)
   Lair: D:8-11

Altars:
Ashenzari
Cheibriados
Dithmenos
Elyvilon
Fedhas
Gozag
Hepliaklqana
Kikubaaqudgha
Makhleb
Nemelex Xobeh
Okawaru
Qazlal
Ru
Sif Muna
Trog
Uskayaw
Vehumet
Wu Jian
Xom
Yredelemnul
Zin
The Shining One

Shops:
D:6 !   D:7 :

Annotations:
D:5 2 transporters
D:8 Harold


Innate Abilities, Weirdness & Mutations

You have a pair of horns on your head.
You reflexively headbutt those who attack you in melee.


Message History

Harold is lightly wounded.
Harold fires a harpoon shot at you. The harpoon shot hits you!
You are yanked forward by the harpoon shot.
Harold casts a spell at you. A sentinel's mark forms upon you.
You feel much better. Harold fires a harpoon shot at you.
The harpoon shot misses you.
Harold hits you with a +2 vampiric battleaxe!
Harold draws strength from your wounds!
You hit Harold.
Harold looks as sick as possible!
Harold is lightly wounded.
Harold hits you with a +2 vampiric battleaxe!!
* * * LOW HITPOINT WARNING * * *
Harold draws strength from your wounds!
You feel much better.
Harold hits you with a +2 vampiric battleaxe!
You feel very mighty all of a sudden.
Harold hits you with a +2 vampiric battleaxe!!
* * * LOW HITPOINT WARNING * * *
You feel better.
Harold hits you with a +2 vampiric battleaxe!
* * * LOW HITPOINT WARNING * * *
Harold draws strength from your wounds!
You feel better.
Harold hits you with a +2 vampiric battleaxe.
* * * LOW HITPOINT WARNING * * *
Harold draws strength from your wounds!
You feel better.
Harold hits you with a +2 vampiric battleaxe.
* * * LOW HITPOINT WARNING * * *
Harold draws strength from your wounds!
You feel better.
Harold hits you with a +2 vampiric battleaxe!
* * * LOW HITPOINT WARNING * * *
Harold draws strength from your wounds!
You feel better.
Harold hits you with a +2 vampiric battleaxe!
You die...

..........###..####....#
.###....##..... ....#
#.....###.## . ...##
#.##..##.. #.. .. ...
##..###.... . ...#
#.....(... ..
####.....##.
.#..##.##(.......
#.....@.........
#.#..@.......#..
###........# .
#...........
#..>..........
#.............
..............
..............


You could see Harold (very poisoned).

Vanquished Creatures
  Sigmund (D:3)
  A wyvern (D:7)
  A steam dragon (D:4)
  Eustachio (D:5)
  Menkaure (D:5)
  5 black bears
  2 ice beasts
  2 sky beasts (D:6)
  A centaur (D:5)
  2 ogres
  A kobold brigand (D:6)
  A scorpion (D:5)
  4 wights (D:7)
  A bullfrog zombie (D:5)
  A centaur zombie (D:6)
  A hound (D:6)
  An orc priest (D:7)
  A centaur skeleton (D:7)
  A bullfrog skeleton (D:5)
  Jessica (D:3)
  6 iguanas
  Natasha (thrice) (D:3)
  3 orc wizards
  A killer bee zombie (D:5)
  8 mummies (Ossuary)
  10 gnolls
  A howler monkey skeleton (D:6)
  2 adders (D:6)
  2 shadow imps
  3 white imps
  A worm (D:2)
  16 orcs
  5 bats
  5 endoplasms
  4 giant cockroaches
  A gnoll zombie (Ossuary)
  4 goblins
  10 hobgoblins
  4 jackals
  A quokka (D:4)
  5 ball pythons
  2 frilled lizards
  4 hobgoblin zombies (Ossuary)
  14 kobolds
  3 kobold zombies (Ossuary)
  6 rats
154 creatures vanquished.

Vanquished Creatures (others)
  4 plants (D:6)
4 creatures vanquished.

Grand Total: 158 creatures vanquished

Notes
Turn   | Place    | Note
-------+----------+-------------------------------------------
     0 | D:1      | selver the Minotaur Fighter began the quest for the Orb.
     0 | D:1      | Reached XP level 1. HP: 19/19 MP: 0/0
   132 | D:1      | Reached skill level 3 in Maces & Flails
   137 | D:1      | Reached XP level 2. HP: 17/26 MP: 1/1
   623 | D:1      | Found a faded altar of an unknown god.
   827 | D:1      | Reached XP level 3. HP: 31/31 MP: 2/2
  1153 | D:2      | Reached skill level 4 in Maces & Flails
  1191 | D:2      | Reached XP level 4. HP: 22/39 MP: 3/3
  1675 | D:3      | Noticed Jessica
  1683 | D:3      | Killed Jessica
  1684 | D:3      | Reached skill level 5 in Maces & Flails
  1846 | D:3      | Found a broken altar of Ashenzari.
  1983 | D:3      | Noticed Sigmund
  1992 | D:3      | Killed Sigmund
  1993 | D:3      | Reached skill level 6 in Maces & Flails
  1993 | D:3      | Reached skill level 5 in Shields
  1993 | D:3      | Reached XP level 5. HP: 22/45 MP: 4/4
  1993 | D:3      | Reached XP level 6. HP: 25/51 MP: 5/5
  2203 | D:3      | Noticed Natasha
  2220 | D:3      | Killed Natasha
  2341 | D:3      | Noticed Natasha
  2351 | D:3      | Killed Natasha
  2352 | D:3      | Reached skill level 7 in Maces & Flails
  2459 | D:3      | Noticed Natasha
  2464 | D:3      | Killed Natasha
  3562 | D:4      | Noticed a steam dragon
  3566 | D:4      | Killed a steam dragon
  3567 | D:4      | Reached skill level 8 in Maces & Flails
  3567 | D:4      | Reached XP level 7. HP: 51/60 MP: 6/6
  3674 | D:4      | Reached skill level 5 in Fighting
  4307 | D:5      | Entered Level 5 of the Dungeon
  4374 | D:5      | Noticed Menkaure
  4528 | D:5      | Killed Menkaure
  4529 | D:5      | Reached skill level 9 in Maces & Flails
  4871 | D:5      | Found a transporter.
  4900 | D:5      | Reached XP level 8. HP: 45/70 MP: 7/7
  5096 | D:5      | Noticed Eustachio
  5107 | D:5      | Killed Eustachio
  5108 | D:5      | Reached skill level 10 in Maces & Flails
  5348 | D:5      | Found a transporter.
  5944 | D:6      | Found Zonteh Modeu's Distillery.
  5952 | D:6      | Bought a potion of heal wounds for 70 gold pieces
  5952 | D:6      | Bought a potion of curing for 42 gold pieces
  5952 | D:6      | Bought a potion of heal wounds for 70 gold pieces
  6250 | D:6      | Reached skill level 11 in Maces & Flails
  6416 | D:6      | Found a sand-covered staircase.
  6431 | Ossuary  | Entered an ossuary
  7165 | D:6      | Found a staircase to the Ecumenical Temple.
  7183 | Temple   | Entered the Ecumenical Temple
  7302 | Temple   | Became a worshipper of Warmaster Okawaru
  7582 | D:6      | Reached XP level 9. HP: 72/80 MP: 8/8
  8144 | D:7      | Reached skill level 12 in Maces & Flails
  8807 | D:7      | Reached * piety under Okawaru
  8907 | D:7      | Found Fydgho's Book Shop.
  9083 | D:7      | Reached skill level 13 in Maces & Flails
  9356 | D:8      | Noticed Harold
  9370 | D:8      | HP: 4/82 [Harold/+2 vampiric battleaxe (22)]
  9375 | D:8      | Slain by Harold

Illustrated notes

Levels and vault maps discovered:
D:1:      minmay_arrival_solitary_statue, layout_basic,
          shapermc_ecumenical_altar_mp_vishouse
D:2:      layout_rooms
D:3:      layout_loops_corners, old_standard_altar, uniq_jessica, uniq_sigmund,
          uniq_natasha
D:4:      layout_loops_cross
D:5:      gammafunk_cloud_chamber, layout_basic, uniq_eustachio, uniq_menkaure
D:6:      layout_basic, minmay_temple_entry_overgrown, enter_ossuary_1,
          serial_shops, shop, kennysheep_generic_room_3
D:7:      black_bear_nest_2, layout_gridville, serial_shops, shop
D:8:      layout_cave_pools, uniq_harold, uniq_maggie, uniq_joseph
Temple:   kilobyte_greek_temple

Skill      XL: |  1  2  3  4  5  6  7  8  9 |
---------------+----------------------------+-----
Maces & Flails | 3 4 6 8 9 11 13 | 13.0
Shields        | 4 5 |  5.6
Fighting       | 4 6 7 8 |  8.8
Armour         | |  3.6

Action                   |  1- 3 |  4- 6 |  7- 9 || total
-------------------------+-------+-------+-------++-------
Melee: Flail             |    58 |       |       ||    58
       Headbutt          |     9 |    19 |    66 ||    94
       Whip              |    41 |   105 |   365 ||   511
  Use: Potion            |       |     1 |    11 ||    12
       Scroll            |       |       |     8 ||     8
Armor: Scale mail        |    52 |    18 |    66 ||   136
Dodge: Dodged            |    64 |    32 |    94 ||   190
Block: Buckler           |    29 |    13 |    51 ||    93
